 Dungeon Crawl Stone Soup version 0.26.1-11-gd32895ea62 (webtiles) character file.

Game seed: 1561933148119770683

10782 Gerhazo the Destroyer (level 11, -10/85 HPs)
             Began as a Yellow Draconian Conjurer on June 5, 2021.
             Mangled by a troll (19 damage)
             ... on level 12 of the Dungeon.
             The game lasted 00:16:47 (15794 turns).

Gerhazo the Destroyer (Yellow Draconian Conjurer)  Turns: 15794, Time: 00:16:48

Health: -10/85     AC: 10    Str: 10    XL:     11   Next: 40%
Magic:  18/22      EV: 17    Int: 21    God:
Gold:   593        SH:  0    Dex: 10    Spells: 18/25 levels left

rFire    . . .     SeeInvis .   E - +4 quarterstaff (chaos)
rCold    . . .     Faith    .   (shield currently unavailable)
rNeg     . . .     Spirit   .   (armour unavailable)
rPois    .         Reflect  .   (helmet restricted)
rElec    .         Harm     .   F - +0 cloak
rCorr    +         Rampage  .   j - +0 pair of gloves
Will     .....                  g - +0 pair of boots
Stlth    +.........             (no amulet)
HPRegen  0.24/turn              B - ring of attention (curse)
MPRegen  0.18/turn              D - +4 ring of evasion

@: no status effects
A: spit acid, unfitting armour, cold-blooded, acid resistance, AC +7
a: Breathe Acid


You were on level 12 of the Dungeon.
You visited 2 branches of the dungeon, and saw 13 of its levels.
You also visited: Sewer.

You collected 593 gold pieces.

Inventory:

Hand Weapons
 E - a +4 quarterstaff of chaos (weapon)
Missiles
 i - 43 poisoned darts
Armour
 g - a +0 pair of boots (worn)
 j - a +0 pair of gloves (worn)
 F - a +0 cloak (worn)
Jewellery
 B - a cursed ring of attention (left hand)
 D - a +4 ring of evasion (right hand)
 H - an uncursed amulet of the acrobat
Wands
 C - a wand of enslavement (8)
 I - a wand of random effects (6)
Scrolls
 b - 2 scrolls of immolation {unknown}
 e - 2 scrolls of teleportation {unknown}
 n - a scroll of blinking {unknown}
 o - 3 scrolls of enchant armour {unknown}
 p - 2 scrolls of noise {unknown}
 s - 3 scrolls of remove curse {unknown}
 t - a scroll of amnesia {unknown}
 v - 6 scrolls of identify {unknown}
 y - 2 scrolls of enchant weapon {unknown}
 z - a scroll of fear {unknown}
 G - 2 scrolls of magic mapping {unknown}
 J - a scroll of fog {unknown}
Potions
 a - a potion of cancellation {unknown}
 c - a potion of lignification {unknown}
 d - 6 potions of curing {unknown}
 f - 4 potions of haste {unknown}
 h - 3 potions of mutation {unknown}
 k - 2 potions of attraction {unknown}
 l - 4 potions of flight {unknown}
 m - 3 potions of heal wounds {unknown}
 q - a potion of berserk rage {unknown}
 r - 2 potions of magic {unknown}
 u - 3 potions of ambrosia {unknown}
 w - 3 potions of degeneration {unknown}
 x - 2 potions of brilliance {unknown}
 A - 4 potions of might {unknown}


   Skills:
 + Level 4.9 Fighting
 + Level 4.5 Dodging
 - Level 1.7 Stealth
 + Level 7.7 Spellcasting
 * Level 11.9 Conjurations
 * Level 9.5 Fire Magic


You had 18 spell levels left.
You knew the following spells:

 Your Spells              Type           Power        Failure   Level
a - Magic Dart            Conj           100%         1%          1
b - Searing Ray           Conj           100%         1%          2
d - Iskenderun's Mystic   Conj/Tloc      33%          7%          4

Your spell library contained the following spells:

 Spells                   Type           Power        Failure   Level
 Dazzling Flash           Conj/Hex       66%          2%          3
 Stone Arrow              Conj/Erth      66%          2%          3
 Fulminant Prism          Conj/Hex       16%          7%          4
 Animate Skeleton         Necr           16%          9%          1
 Apportation              Tloc           16%          9%          1
 Corona                   Hex            8%           9%          1
 Sandblast                Erth           16%          9%          1
 Summon Small Mammal      Summ           32%          9%          1
 Passwall                 Tmut/Erth      6%           12%         2
 Confusing Touch          Hex            8%           24%         3
 Gell's Gravitas          Tloc           4%           24%         3
 Petrify                  Tmut/Erth      8%           63%         4
 Lee's Rapid Deconstruct  Erth           4%           92%         5
 Metabolic Englaciation   Hex/Ice        4%           92%         5
 Yara's Violent Unravell  Hex/Tmut       4%           92%         5


Dungeon Overview and Level Annotations

Branches:
Dungeon (12/15)            Temple (1/1) D:5            Lair (0/6) D:9
    Orc (0/2) D:9           Sewer (visited)

Altars:
Ashenzari
Dithmenos
Gozag
Kikubaaqudgha
Makhleb
Nemelex Xobeh
Okawaru
Qazlal
Ru
Sif Muna
Trog
Uskayaw
Wu Jian
Xom
Yredelemnul
The Shining One

Shops:
D:4 *   D:11 }

Annotations:
D:2 Purgy
D:9 exclusion: ice statue


Innate Abilities, Weirdness & Mutations

You can spit globs of acid.
Your golden yellow scales are hard. (AC +7)
You cannot fit into any form of body armour.
You are cold-blooded and may be slowed by cold attacks.
You are resistant to acid. (rCorr)


Message History

The troll claws you but does no damage.
The cyclops throws a large rock.
The large rock hits you!
The searing ray hits the troll!
The troll is almost dead.
You finish channeling your searing ray.
The troll bites you. The troll barely misses you. The troll closely misses you.
The quokka completely misses you. The troll bites you!
* * * LOW HITPOINT WARNING * * *
The troll barely misses you. The troll closely misses you.
The quokka misses you. The troll closely misses you. The troll claws you.
* * * LOW HITPOINT WARNING * * *
The troll claws you!
* * * LOW HITPOINT WARNING * * *
The quokka bites you.
* * * LOW HITPOINT WARNING * * *
You are too injured to fight recklessly!
The adder barely misses you. The troll bites you!!
You die...

# #. #.###
#...#
#.###<#######
#..$...(....#
##.....@T..>#
#....Sr....#
#...).C....#
##.....[.!.#
#.........#
#.........#
#.........#
..........#


You could see a cyclops, a troll, an adder and a quokka.

Vanquished Creatures
  An unseen horror (D:11)
  A wizard (D:9)
  An oklob plant (D:6)
  A cyclops (D:11)
  A manticore (D:11)
  A gargoyle (D:11)
  Maggie (D:7)
  A komodo dragon (D:9)
  2 trolls
  2 wraiths
  A shadow (D:9)
  A human (D:10)
  3 hogs (D:10)
  5 yaks
  6 orc warriors
  4 phantoms
  2 sky beasts
  6 ogres
  3 ice beasts
  4 centaurs
  7 bullfrogs
  5 scorpions
  9 killer bees
  A troll zombie (D:9)
  4 wights (D:6)
  2 howler monkeys (D:9)
  A crimson imp (D:9)
  3 jellies
  2 bullfrog zombies
  2 centaur skeletons
  3 orc priests
  6 hounds
  Crazy Yiuf (D:7)
  2 bullfrog skeletons
  18 orc wizards
  6 iguanas
  6 worker ants
  7 ogre zombies (D:9)
  A hound zombie (D:10)
  A hound skeleton (D:8)
  3 gnolls (D:5)
  A worker ant zombie (D:9)
  11 adders
  A howler monkey skeleton (D:8)
  A river rat (D:4)
  2 ufetubi
  An ooze (D:1)
  An adder zombie (D:5)
  An adder skeleton (D:4)
  3 worms
  4 dart slugs
  6 leopard geckos
  37 orcs
  5 giant cockroaches
  5 hobgoblins (D:1)
  7 jackals
  2 kobolds (D:1)
  5 quokkas
  3 ball pythons
  4 bats (D:1)
  8 frilled lizards
  4 goblins
  2 goblin skeletons (D:9)
  2 goblin zombies (D:9)
  2 hobgoblin skeletons (D:9)
  2 hobgoblin zombies (D:9)
  2 orc skeletons (D:9)
  15 orc zombies (D:9)
  2 quokka skeletons
  6 rats
282 creatures vanquished.

Vanquished Creatures (others)
  38 plants
38 creatures vanquished.

Grand Total: 320 creatures vanquished

Notes
Turn   | Place    | Note
-------+----------+-------------------------------------------
     0 | D:1      | Gerhazo the Draconian Conjurer began the quest for the Orb.
     0 | D:1      | Reached XP level 1. HP: 14/14 MP: 3/3
   183 | D:1      | Reached XP level 2. HP: 6/20 MP: 0/5
  1079 | D:1      | Reached XP level 3. HP: 18/26 MP: 2/6
  1552 | D:1      | Learned a level 2 spell: Searing Ray
  1738 | D:4      | Reached skill level 5 in Conjurations
  1880 | D:4      | Found a glowing drain.
  1894 | D:4      | Reached XP level 4. HP: 26/33 MP: 1/8
  1960 | Sewer    | Entered a sewer
  2111 | Sewer    | Noticed Purgy
  3188 | D:4      | Reached XP level 5. HP: 20/38 MP: 0/9
  3808 | D:4      | Found Inanun's Lightly-Used Armoury.
  3848 | D:4      | Reached skill level 6 in Conjurations
  4362 | D:5      | Entered Level 5 of the Dungeon
  4362 | D:5      | Found a shadowy altar of Dithmenos.
  4426 | D:5      | Noticed an ogre
  4439 | D:5      | Killed an ogre
  4440 | D:5      | Reached XP level 6. HP: 45/45 MP: 3/11
  4556 | D:5      | Reached skill level 7 in Conjurations
  4677 | D:5      | Found a staircase to the Ecumenical Temple.
  4686 | Temple   | Entered the Ecumenical Temple
  5045 | D:5      | Your scales start taking on a golden yellow colour.
  5045 | D:5      | Reached XP level 7. HP: 45/50 MP: 1/13
  5045 | D:5      | Gained mutation: You are resistant to acid. (rCorr) [Yellow
                  | Draconian growth]
  5231 | D:5      | Reached skill level 1 in Fire Magic
  5774 | D:5      | Reached skill level 8 in Conjurations
  6270 | D:6      | Reached skill level 5 in Spellcasting
  6270 | D:6      | Reached XP level 8. HP: 57/57 MP: 7/15
  6672 | D:6      | Reached skill level 9 in Conjurations
  7002 | D:6      | Found a basalt altar of Yredelemnul.
  7002 | D:6      | Noticed an oklob plant
  7012 | D:6      | Killed an oklob plant
  7013 | D:6      | Reached skill level 5 in Fire Magic
  7013 | D:6      | Reached XP level 9. HP: 44/62 MP: 4/17
  8030 | D:7      | Noticed Maggie
  8038 | D:7      | Killed Maggie
  8039 | D:7      | Reached skill level 10 in Conjurations
  8743 | D:7      | Found a runed translucent door.
  8744 | D:7      | Noticed Crazy Yiuf
  8904 | D:7      | Killed Crazy Yiuf
  9065 | D:8      | Learned a level 4 spell: Iskenderun's Mystic Blast
  9399 | D:8      | Reached skill level 1 in Fighting
 10072 | D:8      | Found a faded altar of an unknown god.
 10072 | D:8      | Found a glowing golden altar of the Shining One.
 10080 | D:8      | Found a burning altar of Makhleb.
 10082 | D:8      | Found a broken altar of Ashenzari.
 10084 | D:8      | Found a sparkling altar of Nemelex Xobeh.
 10127 | D:8      | Reached XP level 10. HP: 72/72 MP: 13/19
 10274 | D:9      | Found a staircase to the Lair.
 11691 | D:9      | Reached skill level 11 in Conjurations
 11861 | D:9      | Identified the +10 trident of Haunted Watchfulness {flame,
                  | Dex+4}
 11864 | D:9      | Noticed an ice statue
 11947 | D:9      | Found a shimmering blue altar of Sif Muna.
 12167 | D:9      | Found a staircase to the Orcish Mines.
 12342 | D:9      | Noticed a wizard
 12349 | D:9      | Killed a wizard
 12652 | D:10     | Entered Level 10 of the Dungeon
 13839 | D:10     | Reached XP level 11. HP: 84/84 MP: 16/22
 14548 | D:11     | Killed an unseen horror
 15468 | D:11     | Found Coobyalo's Gadget Shoppe.
 15794 | D:12     | Mangled by a troll

Illustrated notes

Levels and vault maps discovered:
D:1:      shiori_arrival_maze, layout_loops_ring, minmay_crystal_water
D:2:      layout_basic, nzn_hepliaklqana_mist_gate, minitemple, uniq_jessica
D:3:      layout_loops_cross, kennysheep_slug_shrine, lemuel_round_altar,
          chequers_ecumenical_altar_twisty
D:4:      layout_layer_cave, portal_sewer_entry_c, minmay_shop_damaged
D:5:      layout_cave_pods, grunt_dithmenos_smoke, temple_hall,
          corexii_checkpoint_a
D:6:      layout_loops_cross, lemuel_oklob_altar
D:7:      layout_loops_ring, lightli_minifort, uniq_maggie,
          uniq_crazy_yiuf_cottage
D:8:      layout_loops_ring, chequers_temple_overflow_minitemple,
          minmay_misc_feat_doors, minivault_11
D:9:      layout_rooms, lemuel_coloured_pillars_altar, david_lair_shrubbed,
          zombieorc2_lemuel, minivault_15, lightli_wizard_tower
D:10:     layout_layer_cave, grunt_livestock
D:11:     layout_loops_cross, serial_shops, shop_statue, minmay_variable_closet,
          st_stairs_13
D:12:     layout_rooms
Temple:   jpeg_temple_island

Skill      XL: |  1  2  3  4  5  6  7  8  9 10 11 |
---------------+----------------------------------+-----
Conjurations   | 5 6 7 8 9 10 11 | 11.9
Spellcasting   | 3 4 5 6 7 |  7.7
Fire Magic     | 3 5 7 8 9 |  9.5
Dodging        | 2 3 4 |  4.5
Fighting       | 1 4 |  4.9
Stealth        | |  1.7

Action                   |  1- 3 |  4- 6 |  7- 9 | 10-12 || total
-------------------------+-------+-------+-------+-------++-------
Melee: Hand axe          |    18 |    10 |     5 |       ||    33
       Unarmed           |     3 |       |       |       ||     3
       Tailslap          |     1 |       |     1 |     1 ||     3
       Quarterstaff      |       |       |       |     7 ||     7
 Cast: Magic Dart        |    50 |       |       |       ||    50
       Searing Ray       |     8 |    33 |    80 |   117 ||   238
       Iskenderun's Myst |       |       |       |     7 ||     7
 Abil: Breathe Acid      |       |       |     5 |     4 ||     9
Armor: Skin              |     6 |    48 |    22 |    35 ||   111
Dodge: Dodged            |    22 |    72 |    44 |   130 ||   268
